 Dungeon Crawl Stone Soup version 0.30-a0-2-gf48d83f5e2 (webtiles) character file.

Game seed: 4291074303040336578

6318 Armakuni the Cruncher (level 11, -3/79 HPs)
             Began as a Human Wanderer on Aug 19, 2022.
             Was a Priest of Elyvilon.
             Slain by an elephant (10 damage)
             ... on level 7 of the Dungeon on Aug 20, 2022.
             The game lasted 00:31:17 (14488 turns).

Armakuni the Cruncher (Human Wanderer)             Turns: 14488, Time: 00:31:18

Health: -3/79      AC: 12    Str: 10    XL:     11   Next: 16%
Magic:  28/28      EV: 10    Int: 20    God:    Elyvilon [***...]
Gold:   515        SH:  0    Dex: 12    Spells: 12/18 levels left

rFire   . . .      SeeInvis +    a - +2 flail (vorpal)
rCold   . . .      Faith    .    (no shield)
rNeg    . . .      Spirit   .    j - +3 swamp dragon scales
rPois   +          Reflect  .    d - +0 helmet
rElec   .          Harm     .    (no cloak)
rCorr   .          Rampage  .    (no gloves)
Will    +....                    n - +0 pair of boots
Stlth   +.........               A - amulet of the acrobat
HPRegen 0.23/turn                I - ring of see invisible
MPRegen 0.21/turn                P - ring of magical power

@: no status effects
A: high MP 1, strong-willed 1
a: Renounce Religion, Purification, Heal Other, Heal Self


You were on level 7 of the Dungeon.
You worshipped Elyvilon.
Elyvilon was most pleased with you.
You visited 2 branches of the dungeon, and saw 9 of its levels.
You also visited: Sewer and Bailey.

You collected 515 gold pieces.

Inventory:

Hand Weapons
 a - a +2 vorpal flail (weapon)
 b - a +0 sling
 m - a +0 quarterstaff
Missiles
 q - a curare-tipped dart (quivered)
Armour
 d - a +0 helmet (worn)
 j - +3 swamp dragon scales (worn)
 n - a +0 pair of boots (worn)
Jewellery
 A - an amulet of the acrobat (around neck)
 I - a ring of see invisible (left hand)
 P - a ring of magical power (right hand)
Scrolls
 h - 3 scrolls of blinking
 k - a scroll of teleportation
 l - a scroll of magic mapping
 r - 2 scrolls of immolation
 v - a scroll of vulnerability
 w - a scroll of poison
Potions
 c - 2 potions of lignification
 e - a potion of cancellation
 f - 5 potions of curing
 g - 2 potions of magic
 i - 2 potions of flight
 o - a potion of degeneration {unknown}
 p - a potion of heal wounds
 s - a potion of invisibility
 t - 2 potions of brilliance
 u - 4 potions of haste
 X - 3 potions of mutation


   Skills:
 - Level 5.0 Fighting
 - Level 2.0(7.8) Maces & Flails
 - Level 11.9(12.0) Staves
 - Level 2.0 Armour
 - Level 2.0 Dodging
 - Level 2.0 Stealth
 - Level 4.0 Spellcasting
 - Level 5.0 Hexes
 - Level 1.0 Summonings
 + Level 8.4 Invocations


You had 12 spell levels left.
You knew the following spells:

 Your Spells              Type           Power      Damage    Failure   Level
b - Blink                 Tloc           8%         N/A       43%         2
s - Slow                  Hex            96%        N/A       4%          1
t - Tukima's Dance        Hex            24%        N/A       12%         3

Your spell library contained the following spells:

 Spells                   Type           Power      Damage    Failure   Level
 Ensorcelled Hibernation  Hex/Ice        28%        N/A       17%         2
 Summon Small Mammal      Summ           32%        N/A       22%         1
 Sting                    Tmut/Pois      16%        1d3       32%         1
 Poisonous Vapours        Pois/Air       8%         N/A       43%         2
 Static Discharge         Conj/Air       4%         3-4/arc   43%         2
 Call Canine Familiar     Summ           8%         N/A       54%         3
 Lesser Beckoning         Tloc           4%         N/A       67%         3
 Olgreb's Toxic Radiance  Pois           4%         N/A       97%         4
 Lightning Bolt           Conj/Air       2%         1d13      100%        5
 Manifold Assault         Tloc           4%         N/A       100%        5
 Maxwell's Capacitive Co  Air            2%         ∞         100%        8


Dungeon Overview and Level Annotations

Branches:
Dungeon (8/15)             Temple (1/1) D:5            Lair (0/5) D:8
  Sewer (visited)          Bailey (visited)

Altars:
Ashenzari
Cheibriados
Dithmenos
Elyvilon
Fedhas
Gozag
Hepliaklqana
Kikubaaqudgha
Makhleb
Nemelex Xobeh
Okawaru
Qazlal
Ru
Sif Muna
Trog
Uskayaw
Vehumet
Wu Jian
Xom
Yredelemnul
Zin
The Shining One

Annotations:
D:4 3 runed translucent doors, polve's ghost, novice DsAK
D:6 1 runed translucent door, leavemydog's ghost, novice DECj


Innate Abilities, Weirdness & Mutations

You have an increased reservoir of magic. (+10% MP)
You are strong-willed. (Will+)


Message History

The elephant trunk-slaps you but does no damage.
You thump the elephant!
The elephant is moderately wounded.
The elephant barely misses you. The elephant closely misses you.
You hit the elephant.
The elephant is heavily wounded.
The elephant tramples you but does no damage.
The elephant trunk-slaps you but does no damage.
You sock the elephant!
The elephant is severely wounded.
The elephant tramples you!
You hold your ground!
The elephant closely misses you.
You hit the elephant.
The elephant is severely wounded.
The elephant closely misses you.
The elephant trunk-slaps you but does no damage.
You hit the elephant.
The elephant is severely wounded.
The elephant tramples you!
You stumble backwards!
You hit the elephant.
The elephant is almost dead.
The elephant tramples you but does no damage.
The elephant barely misses you.
You hit the elephant but do no damage.
The elephant is almost dead.
The elephant tramples you.
You stumble backwards!
You hit the elephant but do no damage.
The elephant is severely wounded.
The elephant tramples you.
* * * LOW HITPOINT WARNING * * *
You stumble backwards!
You hit the elephant but do no damage.
The elephant is severely wounded.
The elephant tramples you!
* * * LOW HITPOINT WARNING * * *
You hold your ground!
The elephant barely misses you.
You hit the elephant.
The elephant is almost dead.
The elephant tramples you!
You die...

#.####.##.........# #.#
#.##.........# #.#
#.##.........#
##.####.##.........#
#.......##.........#
###############'####
#####.########
#####>............
#@Y.......###.#...
#.#####.......#...
#.#####.#######...
#.........).)##...
#..........#.##...
#............##...
#######.......#.#.(##...
#.................###...
#.............#.#.# ##..


You could see an elephant.

Vanquished Creatures
  A two-headed ogre (D:7)
  A cyclops (D:6)
  Joseph (D:8)
  Maggie (D:7)
  A hornet (D:8)
  2 wyverns
  A yak (D:8)
  A basilisk (D:8)
  Edmund (D:4)
  A water moccasin (D:5)
  2 ice beasts (D:6)
  5 orc warriors
  3 sky beasts (D:7)
  3 black bears
  An ogre (D:7)
  3 bullfrogs
  5 kobold brigands
  A necrophage (D:6)
  3 scorpions
  3 wights (D:6)
  6 killer bees
  A howler monkey (D:5)
  2 jellies
  7 orc priests
  3 hounds (D:5)
  10 orc wizards
  3 iguanas
  12 gnolls
  6 river rats (Sewer)
  6 adders
  3 ufetubi
  A worm (D:2)
  2 dart slugs
  34 orcs
  3 bats
  10 endoplasms
  8 giant cockroaches
  6 goblins
  11 hobgoblins
  18 jackals
  5 quokkas
  7 ball pythons
  6 frilled lizards
  34 kobolds
  25 rats
269 creatures vanquished.

Vanquished Creatures (others)
  An angel (D:5)
  An electric eel (D:7)
  An orc (D:5)
  A quokka (D:5)
  2 fungi (D:8)
6 creatures vanquished.

Grand Total: 275 creatures vanquished

Notes
Turn   | Place    | Note
-------+----------+-------------------------------------------
     0 | D:1      | Armakuni the Human Wanderer began the quest for the Orb.
     0 | D:1      | Armakuni set off with the following items: a +0 dagger, a
                  | scroll of blinking, a +0 robe, a +0 helmet; and the
                  | following spells available to memorise: Slow, Ensorcelled
                  | Hibernation, Summon Small Mammal, Tukima's Dance, Call
                  | Canine Familiar.
     0 | D:1      | Reached XP level 1. HP: 13/13 MP: 2/2
     7 | D:1      | Learned a level 1 spell: Slow
   117 | D:1      | Reached skill level 1 in Fighting
   439 | D:1      | Reached XP level 2. HP: 17/21 MP: 3/3
  1152 | D:1      | Reached skill level 1 in Maces & Flails
  1152 | D:1      | Reached XP level 3. HP: 27/27 MP: 2/4
  1228 | D:1      | Found a faded altar of an unknown god.
  2097 | D:2      | Reached XP level 4. HP: 30/33 MP: 5/5
  2576 | D:2      | Reached skill level 1 in Armour
  2911 | D:3      | Learned a level 3 spell: Tukima's Dance
  3635 | D:3      | Reached XP level 5. HP: 35/38 MP: 4/7
  4663 | D:4      | Noticed Edmund
  4682 | D:4      | Killed Edmund
  4683 | D:4      | Reached XP level 6. HP: 19/44 MP: 8/12
  5084 | D:4      | Noticed polve's ghost (novice DsAK)
  5090 | D:4      | Found a runed translucent gate.
  5090 | D:4      | Found a runed translucent gate.
  5090 | D:4      | Found a runed translucent gate.
  5165 | D:4      | Reached skill level 1 in Staves
  5165 | D:4      | Reached XP level 7. HP: 30/50 MP: 13/13
  5519 | D:5      | Entered Level 5 of the Dungeon
  5531 | D:4      | Reached skill level 2 in Staves
  5585 | D:5      | Reached skill level 3 in Staves
  5611 | D:5      | Noticed an angel
  5617 | D:5      | Found a shimmering altar of Xom.
  5619 | D:5      | Found a glowing silver altar of Zin.
  5632 | D:5      | Killed an angel
  5712 | D:5      | Noticed a wyvern
  5727 | D:5      | HP: 2/50 [wyvern (11)]
  5728 | D:5      | Killed a wyvern
  5729 | D:5      | Reached skill level 4 in Staves
  5957 | D:5      | Found a staircase to the Ecumenical Temple.
  5971 | Temple   | Entered the Ecumenical Temple
  6335 | D:5      | Found a white marble altar of Elyvilon.
  6342 | D:5      | Became a worshipper of Elyvilon the Healer
  6385 | D:5      | Reached skill level 5 in Staves
  6385 | D:5      | Reached XP level 8. HP: 53/56 MP: 14/14
  6435 | D:5      | Found a broken altar of Ashenzari.
  6775 | D:4      | Reached skill level 6 in Staves
  6962 | D:5      | Reached skill level 1 in Invocations
  7085 | D:6      | Found a glowing drain.
  7091 | Sewer    | Entered a sewer
  7402 | Sewer    | Reached skill level 7 in Staves
  8093 | D:6      | Reached * piety under Elyvilon
  8210 | D:6      | Reached skill level 8 in Staves
  8210 | D:6      | Reached XP level 9. HP: 25/61 MP: 15/15
  8643 | D:6      | Noticed leavemydog's ghost (novice DECj)
  8645 | D:6      | Found a runed translucent door.
  8682 | D:6      | Reached skill level 9 in Staves
  9518 | D:6      | Noticed a cyclops
  9537 | D:6      | Killed a cyclops
  9538 | D:6      | Reached skill level 10 in Staves
 10230 | D:7      | Reached skill level 11 in Staves
 10236 | D:7      | Gained mutation: You are strong-willed. (Will+) [potion of
                  | mutation]
 10236 | D:7      | Gained mutation: You have an increased reservoir of magic.
                  | (+10% MP) [potion of mutation]
 10503 | D:7      | Found a flagged portal.
 10505 | D:7      | Reached ** piety under Elyvilon
 10506 | D:7      | Noticed a two-headed ogre
 10514 | D:7      | Killed a two-headed ogre
 10515 | D:7      | Reached XP level 10. HP: 21/68 MP: 17/17
 10537 | Bailey   | Entered a bailey
 10921 | Bailey   | Noticed an orc knight
 10954 | D:7      | HP: 3/71 [kobold/+0 spear (4)]
 11747 | D:7      | Identified the +6 dagger "Ufie" {pain, Fly rPois}
 11947 | D:7      | Noticed Maggie
 11971 | D:7      | Killed Maggie
 12816 | D:8      | Learned a level 2 spell: Blink
 12854 | D:8      | Reached skill level 5 in Fighting
 13202 | D:8      | Reached skill level 5 in Invocations
 13738 | D:8      | Reached XP level 11. HP: 68/79 MP: 18/18
 13844 | D:8      | Found a staircase to the Lair.
 13856 | D:8      | Noticed Joseph
 14109 | D:8      | Killed Joseph
 14446 | D:8      | Found a hide-covered altar of Uskayaw.
 14447 | D:8      | Reached *** piety under Elyvilon
 14463 | D:8      | Noticed an elephant
 14488 | D:7      | Slain by an elephant

Illustrated notes

Levels and vault maps discovered:
D:1:      dpeg_arrival_more_subterranean_lakeside_camping, layout_rooms,
          chequers_ecumenical_altar_simple_redux
D:2:      layout_loops_ring
D:3:      layout_basic
D:4:      layout_loops_cross, gammafunk_ghost_necromancy, uniq_edmund
D:5:      layout_basic, grunt_temple_overflow_order_and_chaos_1,
          mainiacjoe_overflow_boulevard, elyvilon_altar_4, temple_pool_b
D:6:      layout_gridville, hellmonk_ghost_happy_afterlife, gup_sewer_entry_pipe
D:7:      layout_basic, serial_glass, glass_columns_a, glass_columns_a,
          glass_columns_a, glass_columns_c, glass_columns_b, enter_bailey_2,
          kennysheep_generic_room_16, uniq_maggie
D:8:      layout_rooms, eat_drink_and_be_merry_uskayaw, david_lair_generic,
          minivault_22, hangedman_decor_opposing, uniq_joseph
Temple:   minmay_temple_bridge_d

Skill      XL: |  1  2  3  4  5  6  7  8  9 10 11 |
---------------+----------------------------------+-----
Fighting       | 1 2 5 |  5.0
Maces & Flails | 1 2 |  2.0
Armour         | 2 |  2.0
Dodging        | 2 |  2.0
Spellcasting   | 4 |  4.0
Staves         | 1 5 8 11 | 11.9
Invocations    | 1 6 8 |  8.4
Stealth        | |  2.0
Hexes          | |  5.0
Summonings     | |  1.0

Action                   |  1- 3 |  4- 6 |  7- 9 | 10-12 || total
-------------------------+-------+-------+-------+-------++-------
Melee: Dagger            |    69 |       |       |       ||    69
       Club              |   126 |   263 |       |       ||   389
       Punch             |     3 |     1 |     4 |     2 ||    10
       Flail             |       |    22 |   395 |   353 ||   770
Throw: Stone             |     3 |       |       |       ||     3
       Dart              |       |     5 |     7 |     9 ||    21
       Throwing net      |       |       |       |     1 ||     1
 Cast: Slow              |    42 |    37 |    57 |    25 ||   161
       Tukima's Dance    |       |       |       |     1 ||     1
Invok: Heal Other        |       |       |       |     4 ||     4
       Purification      |       |       |       |     1 ||     1
Evoke: Wand              |       |     4 |    13 |       ||    17
  Use: Scroll            |     6 |     3 |     8 |     7 ||    24
       Potion            |       |       |     3 |     1 ||     4
 Stab: Distracted        |       |       |     1 |       ||     1
       Paralysed         |       |       |     8 |       ||     8
       Held in net/web   |       |       |       |     1 ||     1
Armor: Robe              |    20 |       |       |       ||    20
       Ring mail         |    38 |   168 |   196 |    31 ||   433
       Swamp dragon scal |       |       |       |   106 ||   106
Dodge: Dodged            |    97 |   222 |   266 |   203 ||   788

Table legend: (Time is in decaauts)
 A = Elapsed time spent in this place.
 B = Non-inter-level travel time spent in this place.
 C = Inter-level travel time spent in this place.
 D = Time resting spent in this place.
 E = Time spent auto-exploring this place.
 F = Levels seen in this place.
 G = Mean time per level.
                   A        B        C        D        E       F      G
               +--------+--------+--------+--------+--------+-----+--------+
         Total |  14665 |  14395 |    270 |   5333 |   5803 |  11 | 1333.2 |
       Dungeon |  13120 |  12920 |    200 |   4769 |   5363 |   8 | 1640.0 |
        Temple |    169 |     99 |     70 |      0 |     61 |   1 |  169.0 |
         Sewer |    976 |    976 |      0 |    315 |    318 |   1 |  976.0 |
        Bailey |    398 |    398 |      0 |    249 |     61 |   1 |  398.0 |
               +--------+--------+--------+--------+--------+-----+--------+

Top non-repeatable levels by time:
     D:6: 2758 daAuts
     D:7: 2388 daAuts
     D:4: 1895 daAuts
     D:1: 1485 daAuts
     D:2: 1298 daAuts
     D:3: 1179 daAuts
     D:5: 1109 daAuts
     D:8: 1006 daAuts
   Sewer: 976 daAuts
  Bailey: 398 daAuts
  Temple: 169 daAuts
